AoeStats
← Riptide320

Arabian Desert

510416105Analyzed
1v1 RM · 19h ago on Sep 30, 2026· 42m 0s· 2 players
Game mode
Random Map
Map size
Tiny (2 player)
Population
200
Speed
Normal
Resources
Standard
Victory
Conquest
Starting age
Dark Age
Ending age
Imperial Age
RankedLock teamsTeams togetherTeam positionsShared explorationLock speedFull tech treeHidden civsTurbo modeCheats
Victory
Defeat
🇺🇸 Japanese · United States
883
+14
🇲🇽 Khmer · Mexico
841
-14
JamonRush
5:46 Loom
8:10 Feudal Age
24:10 Castle Age
22:06 Double-Bit Axe
22:55 Bloodlines
23:24 Horse Collar
24:42 Scale Barding Armor
27:44 Husbandry
28:59 Chain Barding Armor
31:04 Forging
32:22 Bow Saw
32:17 Town Watch
32:42 Heavy Plow
33:57 Wheelbarrow
36:27 Hand Cart
Riptide320
9:39 Feudal Age
10:24 Double-Bit Axe
10:41 Man-at-Arms
13:59 Loom
24:11 Scale Mail Armor
27:32 Castle Age
26:25 Forging
27:23 Horse Collar
27:40 Gold Mining
27:35 Pikeman
28:40 Squires
29:05 Chain Mail Armor
32:49 Gambesons
Connection lost

Rejoining the realm…

Still unreachable

The connection could not be restored.

Session expired

The server has moved on; the page needs a fresh start.